 Dungeon Crawl Stone Soup version 0.19-a0-1676-g39ae8cc (webtiles) character file.

154640 rjrrt the Executioner (level 17, -6/158 HPs)
             Began as a Minotaur Berserker on Sept 24, 2016.
             Was a High Priest of Trog.
             Mangled by a snapping turtle (16 damage)
             ... on level 1 of the Shoals.
             The game lasted 01:19:07 (34952 turns).

rjrrt the Executioner (Minotaur Berserker)         Turns: 34952, Time: 01:19:08

Health: -6/158     AC: 24    Str: 26    XL:     17   Next: 7%
Magic:  5/5        EV: 18    Int:  4    God:    Trog [*****.]
Gold:   2119       SH:  0    Dex: 16    Spells: 0 memorised, 16 levels left

rFire  + . .     SeeInvis .     a - +7 executioner's axe (antimagic)
rCold  . . .     Gourm    .     N - +1 chain mail {rF+}
rNeg   . . .     Faith    .     (shield currently unavailable)
rPois  +         Spirit   .     T - +0 hat
rElec  .         Dismiss  +     g - +2 cloak
rCorr  .         Reflect  .     d - +2 pair of gloves {Str+3}
MR     +....     Harm     .     r - +1 pair of boots
Stlth  ..........               E - amulet of dismissal
                                o - +4 ring of evasion
                                t - ring of poison resistance

@: lethally poisoned (-6 -> -7), mesmerised, slowed, glowing, very slow
A: retaliatory headbutt, horns 2
a: Berserk, Trog's Hand, Brothers in Arms, Burn Spellbooks, Renounce Religion


You were on level 1 of the Shoals.
You worshipped Trog.
Trog was extremely pleased with you.
You were not hungry.

You visited 5 branches of the dungeon, and saw 28 of its levels.

You collected 3027 gold pieces.
You spent 908 gold pieces at shops.

Inventory:

Hand Weapons
 a - a +7 antimagic executioner's axe (weapon)
 b - a +5 blowgun
 c - the +4 flail of Descent {freeze, Dex+2 SInv}
   (You found it on level 2 of the Lair of Beasts)

   It has been specially enchanted to freeze those struck by it, causing extra
   injury to most foes and up to half again as much damage against particularly
   susceptible opponents.
   It can also slow down cold-blooded creatures.
   It affects your dexterity (+2).
   It lets you see invisible.
 f - a +0 battleaxe of flaming
Missiles
 k - 7 javelins of penetration
 A - 6 steel javelins
 F - 11 curare-tipped needles
 I - 11 javelins (quivered)
 O - 13 javelins of returning
Armour
 d - a +2 pair of gloves of strength (worn)
 g - a +2 cloak (worn)
 r - a +1 pair of boots (worn)
 N - a +1 chain mail of fire resistance (worn)
 T - a +0 hat (worn)
Jewellery
 o - a +4 ring of evasion (right hand)
 t - a ring of poison resistance (left hand)
 C - an uncursed ring of flight
 E - an amulet of dismissal (around neck)
 G - an uncursed ring of protection from cold
 K - an uncursed ring of ice
Wands
 e - a wand of lightning (11/15)
 m - a wand of disintegration (11/24)
 M - a wand of acid (9/15)
 S - a wand of iceblast (5/15)
Scrolls
 i - 2 scrolls of blinking
 l - 10 scrolls of remove curse
 u - 4 scrolls of fear
 w - 2 scrolls of teleportation
 y - a scroll of recharging
 z - 6 scrolls of magic mapping
 L - 8 scrolls of fog
 Q - a scroll of brand weapon {unknown}
 R - 7 scrolls of identify
Potions
 h - 4 potions of might
 j - 7 potions of heal wounds
 n - 2 potions of haste
 q - 3 potions of cure mutation
 s - 2 potions of lignification
 x - a potion of cancellation
 B - a potion of invisibility
 D - 2 potions of agility
 H - 6 potions of curing
 J - 4 potions of resistance
 P - 2 potions of flight
Comestibles
 p - 14 meat rations
 v - 10 bread rations


   Skills:
 + Level 15.8 Fighting
 * Level 23.9 Axes
 + Level 9.3 Throwing
 + Level 15.6 Armour
 + Level 7.4 Dodging


You had 16 spell levels left.
You didn't know any spells.

Dungeon Overview and Level Annotations

Branches:
Dungeon (15/15)            Temple (0/1) D:5            Lair (6/6) D:9
 Shoals (1/4) Lair:3        Snake (4/4) Lair:3        Slime (0/5) Lair:5
    Orc (2/2) D:10            Elf (0/3) Orc:2        Vaults (0/5) D:14
 Depths (0/5) D:15

Altars:
Elyvilon
Kikubaaqudgha
Makhleb
Nemelex Xobeh
Okawaru
Qazlal
Ru
Sif Muna
Trog
Vehumet
Yredelemnul
The Shining One
Beogh

Shops:
D:5 *   D:6 :   D:9 :   D:10 (   D:14 }   D:15 !   Orc:2 =*[(

Annotations:
Lair:6 exclusion: oklob plant


Innate Abilities, Weirdness & Mutations

You reflexively headbutt those who attack you in melee.
You have a pair of horns on your head.


Message History

Your troll barely misses walesgrey's ghost.
Your troll closely misses walesgrey's ghost.
The siren chants its luring song.
The snapping turtle bites you but does no damage.
The faun shoots a sling bullet.
The sling bullet hits you!
* * * LOW HITPOINT WARNING * * *
The faun casts a spell at you. You resist with some effort.
The merfolk hits you but does no damage.
The faun splashes around in the water.
Walesgrey's ghost hits you but does no damage.
Your troll bites walesgrey's ghost!
Walesgrey's ghost is destroyed!
Trog accepts your kill.
Trog appreciates your killing of a magic user.
The faun shoots a stone.
The stone misses you.
The stone hits the snapping turtle but does no damage.
You hear a splash.
The snapping turtle bites you from afar!
You die...

..≈≈c≈≈ ≈≈≈≈≈
#...≈.. P≈≈≈≈
#..≈≈.. ≈≈≈≈≈≈
..≈≈≈.. ..≈≈≈≈
..≈≈... #.≈≈≈≈≈
.......## T.≈≈c≈≈
.......m##.m≈≈≈≈≈
...≈...c§@(tc≈≈≈≈
.≈≈≈≈≈≈cc.§≈≈≈≈≈≈
.≈≈≈≈≈≈≈§≈m≈≈≈≈≈.
..≈≈≈≈≈≈≈≈≈≈≈≈≈≈.
..≈≈.≈≈≈≈≈≈......
#..≈≈≈≈≈≈≈.......
#.≈≈≈≈≈≈≈≈≈......
..≈≈≈≈≈≈≈≈≈......


You could see a snapping turtle, a merfolk, 5 fauns, 2 sirens and a friendly
troll (berserk).

Vanquished Creatures
  Asterion (Snake:3)
  Frances (D:12)
  Kirke (D:13)
  2 greater nagas
  An orc warlord (Orc:2)
  Aizul (Snake:4)
  Louise (Snake:1)
  A stone giant (Orc:2)
  The ghost of Cimanyd the Unseen, a journeyman KoEn of Fedhas (Snake:2)
  2 dire elephants
  The ghost of Maruxus the Grappler, a journeyman TrMo of Nemelex Xobeh (D:14)
  Azrael (Snake:1)
  Snorg (D:11)
  Josephine (D:12)
  Fannar (Lair:3)
  3 vault guards (D:14)
  4 naga warriors
  7 hydras
  Harold (Lair:2)
  A centaur warrior (D:15)
  2 catoblepae
  A death knight (D:12)
  14 anacondas
  A deep troll shaman (Lair:6)
  8 death yaks
  An ogre mage (Orc:1)
  Urug (Lair:3)
  4 naga sharpshooters
  5 orc high priests (Orc:2)
  7 shock serpents
  A salamander mystic (Snake:2)
  3 sea snakes (Snake:4)
  2 unseen horrors
  2 wizards (D:14)
  8 hill giants
  4 naga ritualists
  A lindwurm (Lair:3)
  8 mana vipers
  3 orc knights (Orc:2)
  A necromancer (D:14)
  A deep elf mage (D:12)
  A faun (Shoals:1)
  5 orc sorcerers
  10 salamanders
  3 ugly things
  4 cyclopes
  3 manticores (D:15)
  12 elephants
  2 guardian serpents (Snake:3)
  A centaur zombie (D:15)
  5 naga magi
  Maurice (D:8)
  A torpor snail (Lair:6)
  38 black mambas
  A siren (Lair:3)
  9 spiny frogs
  2 rime drakes
  A freezing wraith (D:14)
  9 komodo dragons
  A yaktaur (D:15)
  A queen bee (D:11)
  7 trolls
  4 two-headed ogres
  6 polar bears
  3 slime creatures (D:15)
  11 hippogriffs
  8 blink frogs
  10 dream sheep (Lair:6)
  A shadow (D:13)
  3 wyverns
  4 wraiths (D:12)
  2 vampires
  49 yaks
  4 fire elementals (Snake:1)
  19 humans (D:14)
  2 hungry ghosts
  2 basilisks
  5 wargs
  Menkaure (D:7)
  22 nagas
  A soldier ant (D:12)
  19 water moccasins
  2 hell hounds (Snake:1)
  7 porcupines
  39 orc warriors
  3 ice beasts
  6 sky beasts
  2 phantoms
  2 wasps
  An eye of draining (D:13)
  2 necrophages
  A black bear (Lair:6)
  12 ogres
  13 wolves
  16 centaurs
  The ghost of BeowulfAlex the Cudgeler, an amateur GrFi (D:3)
  19 crocodiles
  A big kobold (D:13)
  19 bullfrogs
  A water moccasin zombie (D:8)
  7 scorpions
  A wyvern skeleton (D:11)
  21 killer bees
  2 howler monkeys
  An electric eel (Lair:1)
  2 bullfrog zombies
  9 crimson imps
  8 hounds
  4 jellies
  29 orc priests
  4 bullfrog skeletons
  10 centaur skeletons
  39 orc wizards
  11 iguanas
  9 hell rats (Lair:3)
  17 worker ants
  2 hound zombies
  A hound skeleton (D:7)
  11 adders
  3 gnolls (D:5)
  61 river rats
  3 shadow imps
  3 oozes (Lair:5)
  An adder zombie (D:6)
  3 adder skeletons
  3 worms
  3 dart slugs
  A leopard gecko (D:9)
  92 orcs
  6 giant cockroaches
  9 goblins
  9 hobgoblins
  16 jackals
  14 kobolds
  5 quokkas
  4 ball pythons
  21 bats
  4 frilled lizards
  A leopard gecko zombie (D:5)
  36 rats
  6 bushes (Lair:6)
  9 fungi
  7 plants
1059 creatures vanquished.

Vanquished Creatures (collateral kills)
  The ghost of walesgrey the Reanimator, a journeyman DDNe of Makhleb (Shoals:1)
  A naga warrior (Snake:1)
  An anaconda (Snake:1)
  A hydra (Lair:6)
  Sonja (D:11)
  A wolf spider (D:15)
  Psyche (D:11)
  A komodo dragon (Lair:6)
  A troll (D:11)
  2 yaks (Lair:6)
  2 killer bees (D:11)
13 creatures vanquished.

Vanquished Creatures (others)
  A human (D:13)
  A sky beast (D:13)
  An adder (D:12)
  A river rat (Lair:5)
  A shadow imp (D:13)
  21 fungi
  15 plants
41 creatures vanquished.

Grand Total: 1113 creatures vanquished

Notes
Turn   | Place    | Note
-------+----------+-------------------------------------------
     0 | D:1      | rjrrt the Minotaur Berserker began the quest for the Orb.
     0 | D:1      | Reached XP level 1. HP: 19/19 MP: 0/0
   103 | D:1      | Reached skill level 4 in Axes
   175 | D:1      | Reached XP level 2. HP: 25/26 MP: 1/1
   867 | D:2      | Reached skill level 5 in Axes
   867 | D:2      | Reached XP level 3. HP: 31/31 MP: 2/2
  1197 | D:2      | Reached ** piety under Trog
  1281 | D:2      | Reached XP level 4. HP: 38/39 MP: 3/3
  1353 | D:2      | Reached skill level 6 in Axes
  1756 | D:3      | Reached skill level 7 in Axes
  1756 | D:3      | Reached XP level 5. HP: 40/45 MP: 4/4
  1853 | D:3      | Found an ancient bone altar of Kikubaaqudgha.
  1861 | D:3      | Found a deep blue altar of Sif Muna.
  1862 | D:3      | Found a radiant altar of Vehumet.
  2100 | D:3      | Noticed BeowulfAlex's ghost (amateur GrFi)
  2107 | D:3      | Killed BeowulfAlex's ghost
  2107 | D:3      | Reached skill level 8 in Axes
  2548 | D:4      | Reached XP level 6. HP: 52/52 MP: 5/5
  3242 | D:5      | Entered Level 5 of the Dungeon
  3246 | D:5      | Reached *** piety under Trog
  3252 | D:5      | Found a staircase to the Ecumenical Temple.
  3324 | D:5      | Noticed an ice beast
  3340 | D:5      | Killed an ice beast
  3340 | D:5      | Reached skill level 9 in Axes
  3340 | D:5      | Reached XP level 7. HP: 60/60 MP: 6/6
  3544 | D:5      | Found Kyox's Serpentskin Sales.
  3549 | D:5      | Reached skill level 5 in Fighting
  3557 | D:5      | Reached skill level 10 in Axes
  3561 | D:5      | Reached XP level 8. HP: 69/69 MP: 7/7
  3574 | D:5      | Bought an uncursed ring of poison resistance for 220 gold pieces
  3727 | D:5      | Reached skill level 5 in Armour
  3823 | D:5      | Found a sparkling altar of Nemelex Xobeh.
  4098 | D:6      | Found an iron altar of Okawaru.
  4197 | D:6      | Reached **** piety under Trog
  4212 | D:6      | Reached skill level 11 in Axes
  4274 | D:6      | Found a stormy altar of Qazlal.
  4400 | D:6      | Found Oloovuod's Book Emporium.
  4416 | D:6      | Found a radiant altar of Vehumet.
  4535 | D:6      | Reached XP level 9. HP: 79/79 MP: 8/8
  5137 | D:7      | Reached skill level 12 in Axes
  5477 | D:7      | Noticed Menkaure
  5487 | D:7      | Killed Menkaure
  5639 | D:8      | Noticed Maurice
  5651 | D:8      | Killed Maurice
  5760 | D:8      | Found a glowing golden altar of the Shining One.
  5910 | D:8      | Reached ***** piety under Trog
  5930 | D:8      | Reached skill level 13 in Axes
  6377 | D:8      | Reached skill level 1 in Throwing
  6377 | D:8      | Reached XP level 10. HP: 89/89 MP: 9/9
  6654 | D:9      | Found a white marble altar of Elyvilon.
  7209 | D:9      | Found a basalt altar of Yredelemnul.
  7292 | D:9      | Received a gift from Trog
  7449 | D:9      | Reached skill level 14 in Axes
  7666 | D:9      | Found Bommorog's Book Shop.
  7749 | D:9      | Received a gift from Trog
  7760 | D:9      | Found a staircase to the Lair.
  7794 | Lair:1   | Entered Level 1 of the Lair of Beasts
  8338 | Lair:1   | Reached XP level 11. HP: 71/98 MP: 3/10
  8548 | Lair:1   | Reached skill level 10 in Fighting
  8758 | Lair:2   | Noticed an eight-headed hydra
  8781 | Lair:2   | Got a fine flail
  8799 | Lair:1   | Identified the +4 flail of Descent {freeze, Dex+2 SInv} (You found it on level 2 of the Lair of Beasts)
  8895 | Lair:2   | Reached skill level 10 in Armour
  8934 | Lair:2   | Killed an eight-headed hydra
  8934 | Lair:2   | Reached skill level 15 in Axes
  9090 | Lair:2   | You fall through a shaft!
  9146 | Lair:3   | Found a staircase to the Snake Pit.
  9151 | Lair:3   | Reached skill level 5 in Throwing
  9182 | Lair:3   | Noticed Urug
  9208 | Lair:3   | Killed Urug
  9383 | Lair:3   | Noticed Fannar
  9396 | Lair:3   | Killed Fannar
  9556 | Lair:3   | Found a staircase to the Shoals.
  9986 | Lair:3   | Received a gift from Trog
 10052 | Lair:3   | Reached ****** piety under Trog
 10193 | Lair:3   | Noticed a lindwurm
 10200 | Lair:3   | Killed a lindwurm
 10535 | Lair:3   | Reached XP level 12. HP: 95/109 MP: 11/11
 10564 | Lair:3   | Reached skill level 16 in Axes
 10660 | Lair:4   | Received a gift from Trog
 10676 | Lair:4   | Noticed a death yak
 10677 | Lair:4   | Noticed a death yak
 10685 | Lair:4   | Noticed a death yak
 10697 | Lair:3   | Killed a death yak
 11063 | Lair:4   | Killed a death yak
 11065 | Lair:4   | Killed a death yak
 12001 | Lair:4   | Noticed an eight-headed hydra
 12013 | Lair:4   | Killed an 11-headed hydra
 12560 | Lair:5   | Found a staircase to the Slime Pits.
 12663 | Lair:5   | Reached skill level 17 in Axes
 12766 | Lair:5   | Noticed a catoblepas
 12777 | Lair:5   | Killed a catoblepas
 13342 | Lair:5   | Received a gift from Trog
 13474 | Lair:6   | Entered Level 6 of the Lair of Beasts
 13552 | Lair:6   | Reached XP level 13. HP: 80/117 MP: 12/12
 14420 | Lair:6   | Reached skill level 18 in Axes
 15656 | Lair:6   | Received a gift from Trog
 16935 | Lair:6   | Reached skill level 19 in Axes
 17389 | Lair:6   | Noticed a dire elephant
 17409 | Lair:6   | Killed a dire elephant
 17409 | Lair:6   | Reached XP level 14. HP: 67/129 MP: 13/13
 18169 | D:9      | Found a sacrificial altar of Ru.
 18373 | D:10     | Entered Level 10 of the Dungeon
 18443 | D:10     | Received a gift from Trog
 18553 | D:10     | Identified a scroll of acquirement
 18696 | D:10     | Found a staircase to the Orcish Mines.
 18967 | D:10     | Found Uwot's Weapon Shoppe.
 19113 | Orc:1    | Entered Level 1 of the Orcish Mines
 19113 | Orc:1    | Found a burning altar of Makhleb.
 19461 | Orc:1    | Received a gift from Trog
 20062 | Orc:2    | Entered Level 2 of the Orcish Mines
 20361 | Orc:2    | Received a gift from Trog
 20551 | Orc:2    | Found a roughly hewn altar of Beogh.
 20753 | Orc:2    | Found a staircase to the Elven Halls.
 20969 | Orc:2    | Reached skill level 20 in Axes
 21083 | Orc:2    | Noticed a stone giant
 21091 | Orc:2    | Killed a stone giant
 21093 | Orc:2    | Found a roughly hewn altar of Beogh.
 21321 | Orc:2    | Noticed an orc warlord
 21323 | Orc:2    | Killed an orc warlord
 21909 | Orc:2    | Received a gift from Trog
 22197 | Orc:2    | Found Giajikask's Antique Armour Boutique.
 22198 | Orc:2    | Found Soes's Antique Weapon Boutique.
 22200 | Orc:2    | Found Ynank's General Store.
 22200 | Orc:2    | Found Nocwad's Jewellery Shop.
 22206 | Orc:2    | Bought a potion of flight for 42 gold pieces
 22206 | Orc:2    | Bought a potion of magic for 112 gold pieces
 22211 | Orc:2    | Bought a cursed amulet of inaccuracy for 34 gold pieces
 22459 | D:11     | Reached skill level 21 in Axes
 22511 | D:11     | Noticed Psyche
 22517 | D:11     | Killed Psyche
 22560 | D:11     | Noticed Sonja
 22587 | D:11     | Noticed Snorg
 22615 | D:11     | Killed Snorg
 23252 | D:11     | Found a sacrificial altar of Ru.
 23563 | D:11     | Killed Sonja
 23724 | D:12     | Noticed Josephine
 23733 | D:12     | Killed Josephine
 23734 | D:12     | Reached XP level 15. HP: 123/137 MP: 4/14
 23858 | D:12     | Noticed Frances
 23873 | D:12     | Killed Frances
 24295 | D:12     | Reached skill level 22 in Axes
 24610 | D:13     | Noticed Kirke
 24617 | D:13     | Killed Kirke
 24628 | D:13     | Received a gift from Trog
 25276 | D:14     | Received a gift from Trog
 25454 | D:14     | Found Duocop's Gadget Shop.
 25463 | D:14     | Bought a wand of disintegration (11/24) for 180 gold pieces
 25546 | D:14     | Noticed Maruxus's ghost (journeyman TrMo)
 25552 | D:14     | Killed Maruxus's ghost
 25752 | D:14     | Got a faintly glowing scale mail
 25773 | D:14     | Found a gate to the Vaults.
 26332 | D:15     | Entered Level 15 of the Dungeon
 26539 | D:15     | Found a staircase to the Depths.
 26904 | D:15     | Found Joaptith's Distillery.
 26921 | D:15     | Bought a potion of heal wounds for 80 gold pieces
 26921 | D:15     | Bought a potion of heal wounds for 80 gold pieces
 26921 | D:15     | Bought a potion of haste for 160 gold pieces
 27788 | Lair:2   | Noticed Harold
 27797 | Lair:2   | Killed Harold
 28200 | Snake:1  | Entered Level 1 of the Snake Pit
 28244 | Snake:1  | Noticed Azrael
 28254 | Snake:1  | Reached skill level 23 in Axes
 28256 | Snake:1  | Killed Azrael
 28261 | Snake:1  | Received a gift from Trog
 28304 | Snake:1  | Noticed Louise
 28311 | Snake:1  | Killed Louise
 28546 | Snake:1  | Reached skill level 5 in Dodging
 28552 | Snake:1  | Reached XP level 16. HP: 131/146 MP: 5/15
 28623 | Snake:1  | Lost intelligence.
 28765 | Snake:1  | Received a gift from Trog
 29565 | Snake:1  | Received a gift from Trog
 29667 | Snake:1  | Reached skill level 15 in Fighting
 30538 | Snake:2  | Noticed Cimanyd's ghost (journeyman KoEn)
 30560 | Snake:2  | Killed Cimanyd's ghost
 30872 | Snake:2  | Found a bloodstained altar of Trog.
 31146 | Snake:2  | Reached skill level 15 in Armour
 33001 | Snake:3  | Noticed Asterion
 33117 | Snake:3  | Killed Asterion
 33384 | Snake:3  | Received a gift from Trog
 34102 | Snake:4  | Entered Level 4 of the Snake Pit
 34275 | Snake:4  | Noticed Aizul
 34282 | Snake:4  | Killed Aizul
 34618 | Snake:4  | Reached XP level 17. HP: 139/157 MP: 5/16
 34935 | Shoals:1 | Entered Level 1 of the Shoals
 34936 | Shoals:1 | Noticed walesgrey's ghost (journeyman DDNe)
 34951 | Shoals:1 | HP: 7/158 [faun/uncursed spear (7)]
 34952 | Shoals:1 | Killed walesgrey's ghost
 34952 | Shoals:1 | Mangled by a snapping turtle

Vault maps used:
D:1:      dpeg_arrival_chase, grunt_decor_clamped
D:2:      minmay_misc_feat_nine_boxes
D:3:      grunt_temple_overflow_magic_moments
D:4:      first_bread
D:5:      kennysheep_big_flooded_room, kennysheep_mini, guppyfry_shop_venom
D:6:      nicolae_overflow_crystal_walls, okawaru_ov_weapons_minmay,
          basic_altar, kennysheep_windowed_goal
D:7:      uniq_menkaure
D:8:      nicolae_overflow_hidden_temple, tso_metal_star, uniq_maurice
D:9:      kennysheep_ying_yang, lemuel_doored_altar,
          grunt_lair_entry_orc_guard_hut, serial_shops, shop
D:10:     minmay_orc_entry_guard_dogs, serial_shops, kennysheep_little_box
D:11:     david_nohive_1, nicolae_ru_awakened_eye, uniq_psyche, uniq_snorg,
          uniq_sonja
D:12:     uniq_frances, uniq_josephine
D:13:     uniq_kirke
D:14:     grunt_vaults_entry_tiered, serial_shops,
          nicolae_shop_temple_entry_statues_fountains, nicolae_two_hexagons
D:15:     hangedman_depths_entry_try_elsewhere_first, serial_bayou_pond_a,
          serial_shops, shop
Lair:1:   gammafunk_lair_bear_cave
Lair:2:   uniq_harold
Lair:3:   lemuel_ratsnest, minmay_shoals_entry_lonely_mermaid,
          dummy_snake_entry, infiniplex_staircase_pool_2, uniq_urug, uniq_fannar
Lair:4:   grunt_megastairs_2, lemuel_fruit_tree
Lair:5:   nicolae_slime_entry_slimehenge
Lair:6:   grunt_lair_end_beastmaster, st_stairs_10
Shoals:1: serial_shops, nicolae_shop_stone, nicolae_shoals_circle_sea_wall,
          lemuel_oklob_altar
Snake:1:  uniq_azrael, uniq_louise
Snake:2:  basic_altar, spider_trap
Snake:3:  st_stairs_13, nrook_guardian_serpent_double, uniq_asterion
Snake:4:  snake_pit_salamanders_mu, nicolae_coiled_stairwell_up,
          serial_bayou_shore_a, serial_bayou_shore_b, uniq_aizul
Orc:1:    basic_altar
Orc:2:    st_orc_congregation, hangedman_feature_mirror

Skill      XL: |  1  2  3  4  5  6  7  8  9 10 11 12 13 14 15 16 |
---------------+-------------------------------------------------+-----
Axes           | 4 5 7 8 9 10 11 13 14 15 17 19 21 23 | 23.9
Fighting       | 4 5 7 8 9 11 12 13 14 15 | 15.8
Armour         | 3 4 6 8 9 10 11 13 14 15 | 15.6
Throwing       | 1 4 6 7 9 |  9.3
Dodging        | 5 7 |  7.4

Action                   |  1- 3 |  4- 6 |  7- 9 | 10-12 | 13-15 | 16-18 || total
-------------------------+-------+-------+-------+-------+-------+-------++-------
Melee: Hand axe          |    71 |    98 |   258 |       |       |       ||   427
       Headbutt          |    12 |    20 |    64 |   158 |   341 |    93 ||   688
       War axe           |       |       |    79 |   188 |       |       ||   267
       Battleaxe         |       |       |       |   472 |   979 |       ||  1451
       Flail             |       |       |       |    11 |       |       ||    11
       Executioner's axe |       |       |       |       |   238 |   386 ||   624
 Fire: Hunting sling     |       |     3 |       |       |       |       ||     3
Throw: Stone             |       |     1 |       |       |       |       ||     1
       Tomahawk          |       |       |     4 |       |       |       ||     4
       Javelin           |       |       |       |       |    26 |    11 ||    37
Invok: Berserk           |     2 |     5 |     5 |    12 |     8 |     1 ||    33
       Burn Spellbooks   |       |     2 |     3 |     1 |     1 |     1 ||     8
       Brothers in Arms  |       |       |       |       |    10 |     7 ||    17
       Trog's Hand       |       |       |       |       |     4 |       ||     4
Evoke: Wand              |       |       |       |     3 |       |       ||     3
  Use: Scroll            |       |    11 |     7 |     9 |    14 |     2 ||    43
       Potion            |       |       |       |       |       |     3 ||     3
 Stab: Sleeping          |     1 |       |       |       |     2 |       ||     3
       Distracted        |       |       |       |       |     1 |     1 ||     2
  Eat: Chunk             |     3 |    11 |    13 |    22 |    44 |     1 ||    94
       Fruit             |       |       |     2 |     8 |     3 |     3 ||    16
       Pizza             |       |       |     1 |     3 |     2 |       ||     6
       Beef jerky        |       |       |       |     2 |       |     1 ||     3
       Bread ration      |       |       |       |       |     2 |     2 ||     4
       Royal jelly       |       |       |       |       |     5 |     3 ||     8
Armor: Animal skin       |     7 |       |       |       |       |       ||     7
       Ring mail         |     8 |     7 |       |       |       |       ||    15
       Scale mail        |       |    14 |       |       |       |       ||    14
       Chain mail        |       |    10 |   123 |   171 |   618 |   198 ||  1120
       Plate armour      |       |       |       |   212 |       |       ||   212
Dodge: Dodged            |    51 |    40 |    98 |   241 |   477 |   253 ||  1160
